 Dungeon Crawl Stone Soup version 0.28-a0-793-g31680bbd8b (webtiles) character file.

Game seed: 10951077741963779781

3999 Decritt the Arsonist (level 10, -7/84 HPs)
             Began as a Red Draconian Fire Elementalist on Nov 5, 2021.
             Was an Initiate of Vehumet.
             Mangled by a blink frog (11 damage)
             ... on level 8 of the Dungeon.
             The game lasted 01:09:50 (15184 turns).

Decritt the Arsonist (DrFE)                        Turns: 15184, Time: 01:09:51

Health: -7/84      AC: 10    Str: 10    XL:     10   Next: 3%
Magic:  19/19      EV: 14    Int: 26    God:    Vehumet [......]
Gold:   199        SH:  0    Dex: 11    Spells: 17/22 levels left

rFire   + . .      SeeInvis .   a - staff of poison
rCold   . . .      Faith    .   (no shield)
rNeg    . . .      Spirit   .   (armour unavailable)
rPois   +          Reflect  .   (helmet restricted)
rElec   .          Harm     .   (no cloak)
rCorr   .          Rampage  .   l - +0 pair of gloves
Will    +....                   M - +1 pair of boots
Stlth   ++........              (no amulet)
HPRegen 0.24/turn               f - ring of willpower
MPRegen 0.16/turn               E - +6 ring of intelligence

@: about to teleport
A: breathe fire, AC +7, unfitting armour, fire resistance 1, cold-blooded
a: Breathe Fire, Renounce Religion


You were on level 8 of the Dungeon.
You worshipped Vehumet.
Vehumet was noncommittal.
You visited 3 branches of the dungeon, and saw 10 of its levels.

You collected 490 gold pieces.
You spent 291 gold pieces at shops.

Inventory:

Hand Weapons
 H - a +1 morningstar of draining
Missiles
 m - 68 poisoned darts (quivered)
Armour
 l - a +0 pair of gloves (worn)
 M - a +1 pair of boots (worn)
Magical Staves
 a - a staff of poison (weapon)
Jewellery
 c - a +4 ring of evasion
 f - a ring of willpower (left hand)
 E - a +6 ring of intelligence (right hand)
Wands
 j - a wand of flame (15)
 r - a wand of acid (4)
 A - a wand of digging (13)
 G - a wand of mindburst (9)
 J - a wand of polymorph (6)
Scrolls
 b - 3 scrolls of teleportation
 e - 2 scrolls of vulnerability {unknown}
 g - 2 scrolls of noise
 i - a scroll of magic mapping {unknown}
 k - a scroll of fog {unknown}
 o - 5 scrolls of enchant armour
 p - a scroll of holy word {unknown}
 q - a scroll of enchant weapon {unknown}
 u - a scroll of torment {unknown}
 v - 3 scrolls of amnesia
 y - a scroll of blinking {unknown}
 z - a scroll of immolation {unknown}
 D - a scroll of fear {unknown}
Potions
 d - a potion of curing
 h - a potion of invisibility
 n - a potion of attraction
 s - a potion of mutation {unknown}
 t - a potion of ambrosia {unknown}
 x - a potion of resistance {unknown}
 B - 2 potions of lignification {unknown}
 C - a potion of heal wounds {unknown}
 F - a potion of degeneration {unknown}
 I - 2 potions of berserk rage {unknown}
 K - a potion of brilliance {unknown}
 L - a potion of magic {unknown}


   Skills:
 - Level 6.6 Fighting
 * Level 7.1 Dodging
 - Level 2.0 Stealth
 - Level 6.5 Spellcasting
 + Level 5.5 Conjurations
 + Level 8.1 Fire Magic


You had 17 spell levels left.
You knew the following spells:

 Your Spells              Type           Power      Damage    Failure   Level
a - Foxfire               Conj/Fire      100%       2x1d9     1%          1
b - Flame Wave            Conj/Fire      44%        3d9       3%          4

Your spell library contained the following spells:

 Spells                   Type           Power      Damage    Failure   Level
 Scorch                   Fire           100%       2d10      1%          2
 Conjure Flame            Conj/Fire      44%        6-21      1%          3
 Inner Flame              Hex/Fire       29%        N/A       3%          3
 Frozen Ramparts          Ice            16%        1d3       21%         3
 Summon Guardian Golem    Hex/Summ       8%         N/A       21%         3
 Ice Form                 Ice/Tmut       8%         N/A       54%         4
 Summon Ice Beast         Ice/Summ       8%         N/A       54%         4
 Orb of Destruction       Conj           18%        9d8       99%         7
 Spellforged Servitor     Conj/Summ      11%        N/A       100%        7


Dungeon Overview and Level Annotations

Branches:
Dungeon (8/15)             Temple (1/1) D:7            Lair (1/6) D:8

Altars:
Ashenzari
Cheibriados
Dithmenos
Elyvilon
Fedhas
Gozag
Hepliaklqana
Kikubaaqudgha
Makhleb
Nemelex Xobeh
Okawaru
Qazlal
Ru
Sif Muna
Trog
Uskayaw
Vehumet
Wu Jian
Xom
Yredelemnul
Zin
The Shining One

Shops:
D:4 [   D:5 *   D:7 *


Innate Abilities, Weirdness & Mutations

You can breathe blasts of fire.
Your fiery red scales are hard. (AC +7)
You cannot fit into any form of body armour.
Your flesh is heat resistant. (rF+)
You are cold-blooded and may be slowed by cold attacks.


Message History

(Press . to intensify the flame waves.)
The cane toad stings you but does no damage.
The cane toad completely misses you.
Casting: Flame Wave (dangerous; 4% risk of failure)
Confirm with . or Enter, or press ? or * to list all spells.
Restarting spell: Flame Wave (dangerous; 4% risk of failure)
Press: ? - help, Dir - look around, f - activate A wave of flame ripples out!
The flame wave engulfs the cane toad!
You kill the cane toad!
Vehumet accepts your kill. (Press . to intensify the flame waves.)
You have reached level 10!
You start resting.
Magic restored.
You start resting.
HP restored.
You start waiting.
Done waiting.
You start waiting.
Done waiting.
You start waiting.
Done waiting.
You start waiting.
Done waiting.
You climb downwards.
Welcome back to the Lair of Beasts!
The blink frog barely misses you. The blink frog hits you.
The komodo dragon bites you!!
There is a staircase back to the Dungeon, spattered with blood here.
The blink frog hits you but does no damage.
The komodo dragon bites you!!
* * * LOW HITPOINT WARNING * * *
The blink frog blinks!
The blink frog hits you!
* * * LOW HITPOINT WARNING * * *
You climb upwards.
Welcome back to the Dungeon!
There is a staircase to the Lair, spattered with blood here.
As you read the scroll of teleportation, it crumbles to dust.
You feel strangely unstable. The komodo dragon bites you!!
* * * LOW HITPOINT WARNING * * *
The blink frog hits you!
You die...

#......[..............#.....# #
#..#######............####### #
#..#######......(.....# ######
#..##.................# #...##
#..##........########## #.#.##
#..##..≈≈≈≈..## #.####
#..##..≈......## #.....
#..##..≈._..#lF# #..#.#
#......≈....##@# #######..#.#
#.))........#### #........#..
#.###.....#################.#.#
#.# #.............# #####.#..
#.###....##.####### #........
#.........#.# #.###....
##........#.# ##'###....
#.[......#.# #........#
#........#.# #....#....


You could see a komodo dragon and a blink frog.

Vanquished Creatures
  Maggie (D:8)
  2 cane toads
  A polar bear (Lair:1)
  A blink frog (Lair:1)
  A steam dragon (D:8)
  Edmund (D:6)
  An acid dragon (D:8)
  3 water moccasins
  An orc warrior (D:7)
  An ogre (D:6)
  A necrophage (D:5)
  A centaur (D:8)
  A phantom (D:6)
  3 kobold brigands
  4 bullfrogs (Lair:1)
  A gnoll sergeant (D:5)
  A wyvern skeleton (D:6)
  A water moccasin skeleton (D:4)
  A howler monkey (D:5)
  The ghost of sqbi the Firebug, a weakling HOFE (D:3)
  4 jellies
  3 hounds
  A bullfrog zombie (D:5)
  An orc priest (D:4)
  2 bullfrog skeletons
  A centaur skeleton (D:4)
  8 orc wizards
  3 iguanas (D:6)
  A hound skeleton (D:4)
  5 gnolls (D:5)
  7 adders
  A howler monkey skeleton (D:6)
  A shadow imp (D:6)
  A white imp (D:7)
  An ufetubus (D:2)
  An adder skeleton (D:4)
  2 dart slugs
  31 orcs
  15 ball pythons
  5 bats
  6 endoplasms
  7 giant cockroaches
  7 goblins
  3 hobgoblins
  3 quokkas
  4 frilled lizards
  18 kobolds
  10 rats
  A spectral orc (D:8)
181 creatures vanquished.

Vanquished Creatures (others)
  292 foxfires
  3 fungi (Lair:1)
  5 plants (Lair:1)
300 creatures vanquished.

Grand Total: 481 creatures vanquished

Notes
Turn   | Place    | Note
-------+----------+-------------------------------------------
     0 | D:1      | Decritt the Draconian Fire Elementalist began the quest for
                  | the Orb.
     0 | D:1      | Reached XP level 1. HP: 14/14 MP: 3/3
   311 | D:1      | Reached XP level 2. HP: 20/20 MP: 0/5
  1185 | D:2      | Reached XP level 3. HP: 27/27 MP: 1/6
  1539 | D:2      | Found a faded altar of an unknown god.
  1550 | D:2      | Reached skill level 1 in Fighting
  2003 | D:2      | Reached XP level 4. HP: 34/35 MP: 7/7
  2044 | D:3      | Noticed sqbi's ghost (weakling HOFE)
  2045 | D:3      | Found a runed translucent door.
  2884 | D:3      | Reached XP level 5. HP: 42/42 MP: 5/9
  3014 | D:3      | Killed sqbi's ghost
  3512 | D:4      | Found a white marble altar of Elyvilon.
  3730 | D:4      | Reached skill level 4 in Fire Magic
  3730 | D:4      | Reached XP level 6. HP: 32/51 MP: 10/10
  5412 | D:4      | Found a sparkling altar of Nemelex Xobeh.
  5740 | D:4      | Found Teokoann's Armour Emporium.
  5847 | D:5      | Entered Level 5 of the Dungeon
  6033 | D:5      | Your scales start taking on a fiery red colour.
  6033 | D:5      | Reached skill level 5 in Fire Magic
  6033 | D:5      | Reached XP level 7. HP: 53/57 MP: 9/12
  6033 | D:5      | Gained mutation: Your flesh is heat resistant. (rF+) [Red
                  | Draconian growth]
  6132 | D:5      | Reached skill level 6 in Fire Magic
  6286 | D:5      | Found Uneorgh's Assorted Antiques.
  6293 | D:5      | Bought a glowing orange potion for 24 gold pieces
  6293 | D:5      | Bought a lumpy green potion for 24 gold pieces
  6293 | D:5      | Bought a scroll labelled EKHYSEO CY ZONEI for 27 gold
                  | pieces
  6293 | D:5      | Bought a scroll labelled ADEDEO DABEORGH for 27 gold pieces
  6293 | D:5      | Bought 2 amethyst potions for 48 gold pieces
  6293 | D:5      | Bought a scroll labelled ADEDEO DABEORGH for 27 gold pieces
  8079 | D:5      | Found a sacrificial altar of Ru.
  8265 | D:6      | Found a hazy altar of Hepliaklqana.
  8508 | D:5      | Reached XP level 8. HP: 25/66 MP: 14/14
  8937 | D:6      | Noticed Edmund
  8965 | D:6      | Killed Edmund
  9225 | D:6      | Reached skill level 7 in Fire Magic
  9354 | D:6      | Reached skill level 5 in Dodging
  9480 | D:6      | Learned a level 4 spell: Flame Wave
 11341 | D:7      | Found Yvynicuk's Assorted Antiques.
 11370 | D:7      | Bought a scroll of identify for 48 gold pieces
 11370 | D:7      | Bought a coppery potion for 21 gold pieces
 11370 | D:7      | Bought a white potion for 21 gold pieces
 11370 | D:7      | Bought a scroll labelled JAPEMIKANI for 24 gold pieces
 11639 | D:7      | Found a staircase to the Ecumenical Temple.
 11652 | Temple   | Entered the Ecumenical Temple
 12336 | D:7      | Found a shimmering blue altar of Sif Muna.
 12357 | D:7      | Reached skill level 5 in Spellcasting
 12461 | Temple   | Became a worshipper of Vehumet
 12518 | D:8      | Reached XP level 9. HP: 36/72 MP: 4/16
 12961 | D:8      | Noticed Maggie
 12967 | D:8      | Killed Maggie
 12968 | D:8      | Reached skill level 5 in Fighting
 13399 | D:8      | Found a basalt altar of Yredelemnul.
 13488 | D:8      | Found an opulent altar of Gozag.
 13554 | D:8      | Found a staircase to the Lair.
 13765 | Lair:1   | Entered Level 1 of the Lair of Beasts
 13810 | Lair:1   | Noticed a polar bear
 13829 | Lair:1   | Killed a polar bear
 14153 | Lair:1   | Noticed a cane toad
 14161 | Lair:1   | Killed a cane toad
 14162 | Lair:1   | Reached skill level 5 in Conjurations
 14255 | Lair:1   | Noticed a komodo dragon
 14258 | Lair:1   | Noticed a cane toad
 14273 | Lair:1   | Reached skill level 8 in Fire Magic
 14578 | D:8      | Killed a cane toad
 14579 | D:8      | Reached XP level 10. HP: 35/84 MP: 2/19
 15184 | D:8      | HP: 4/84 [komodo dragon (24)]
 15184 | D:8      | Mangled by a blink frog

Illustrated notes

Levels and vault maps discovered:
D:1:      amcnicky_arrival_underground_garden, layout_basic
D:2:      layout_loops_cross, shapermc_ecumenical_altar_starsandcircs,
          serial_bayou_pond_a, palyth_stone_intersect, minmay_unequal
D:3:      layout_loops_ring, serial_glass, glass_columns_c, glass_columns_a,
          hellmonk_ghost_happy_afterlife
D:4:      layout_basic, amcnicky_altar_gilded, nemelex_dance_club_becter,
          serial_shops, shop
D:5:      layout_basic, nicolae_ru_awakened_eye, serial_shops, shop
D:6:      layout_loops_corners, mainiacjoe_overflow_catwalk,
          portal_sewer_entry_b, uniq_edmund
D:7:      layout_rooms, nicolae_sif_muna_condensation,
          minmay_temple_entry_stoned_glass, serial_shops, shop,
          chequers_serial_rivers_micro_c
D:8:      layout_basic, yredelemnul_forgotten_temple_becter,
          mainiacjoe_overflow_chevrons, lair_entry_dummy, uniq_maggie
Temple:   minmay_freezing_vapour_temple
Lair:1:   layout_chaotic_city, uniq_gastronok

Skill      XL: |  1  2  3  4  5  6  7  8  9 |
---------------+----------------------------+-----
Stealth        | 2 |  2.0
Dodging        | 2 3 4 5 7 |  7.1
Fighting       | 1 2 3 4 6 |  6.6
Spellcasting   | 3 4 5 6 |  6.5
Fire Magic     | 4 5 6 7 8 |  8.1
Conjurations   | 2 3 4 5 |  5.5

Action                   |  1- 3 |  4- 6 |  7- 9 | 10-12 || total
-------------------------+-------+-------+-------+-------++-------
Melee: Whip              |    41 |       |       |       ||    41
       Unarmed           |     1 |       |       |       ||     1
       Tailslap          |     5 |     9 |    14 |       ||    28
       Trident           |    14 |    94 |    34 |       ||   142
       Staff             |       |       |   158 |       ||   158
Throw: Dart              |       |       |    33 |       ||    33
 Cast: Foxfire           |    44 |    51 |    84 |       ||   179
       Flame Wave        |       |       |    52 |       ||    52
 Abil: Breathe Fire      |       |       |    10 |       ||    10
Evoke: Wand              |       |    13 |    28 |       ||    41
  Use: Scroll            |       |     4 |     3 |     1 ||     8
       Potion            |       |       |     3 |       ||     3
 Stab: Sleeping          |       |     4 |     1 |       ||     5
Armor: Skin              |    17 |    20 |    74 |     1 ||   112
Dodge: Dodged            |    83 |    95 |   282 |     1 ||   461

Table legend: (Time is in decaauts)
 A = Elapsed time spent in this place.
 B = Non-inter-level travel time spent in this place.
 C = Inter-level travel time spent in this place.
 D = Time resting spent in this place.
 E = Time spent auto-exploring this place.
 F = Levels seen in this place.
 G = Mean time per level.
                   A        B        C        D        E       F      G
               +--------+--------+--------+--------+--------+-----+--------+
         Total |  15225 |  14861 |    364 |   7255 |   4458 |  10 | 1522.5 |
       Dungeon |  14389 |  14026 |    363 |   6772 |   4360 |   8 | 1798.6 |
        Temple |    277 |    276 |      1 |    200 |      0 |   1 |  277.0 |
          Lair |    558 |    558 |      0 |    283 |     98 |   1 |  558.0 |
               +--------+--------+--------+--------+--------+-----+--------+

Top non-repeatable levels by time:
     D:4: 3225 daAuts
     D:6: 2647 daAuts
     D:8: 1930 daAuts
     D:5: 1813 daAuts
     D:3: 1725 daAuts
     D:1: 1169 daAuts
     D:7: 995 daAuts
     D:2: 882 daAuts
  Lair:1: 558 daAuts
  Temple: 277 daAuts
